AoeStats
← Lubka

Arabia

508918960Analyzed
1v1 RM · 7d ago on Sep 24, 2026· 36m 16s· 2 players
Game mode
Random Map
Map size
Tiny (2 player)
Population
200
Speed
Normal
Resources
Standard
Victory
Conquest
Starting age
Dark Age
Ending age
Imperial Age
RankedLock teamsTeams togetherTeam positionsShared explorationLock speedFull tech treeHidden civsTurbo modeCheats
Victory
Defeat
🇦🇹 Burmese · Austria
1109
+18
🇧🇷 Varangians · Brazil
1146
-18
valentepqdt
6:28 Loom
9:32 Feudal Age
10:31 Double-Bit Axe
10:47 Horse Collar
11:40 Bloodlines
15:55 Forging
16:37 Bloodlines
18:11 Scale Barding Armor
23:36 Castle Age
23:17 Wheelbarrow
22:35 Gold Mining
24:40 Chain Barding Armor
24:55 Bow Saw
25:13 Heavy Plow
25:41 Pikeman
28:22 Iron Casting
29:41 Husbandry
30:27 Squires
Lubka
7:26 Loom
8:02 Loom
9:52 Feudal Age
17:04 Forging
17:00 Scale Barding Armor
17:56 Horse Collar
22:36 Castle Age
21:30 Gold Mining
22:18 Wheelbarrow
22:45 Bloodlines
23:27 Husbandry
22:48 Light Cavalry
25:04 Iron Casting
25:48 Chain Barding Armor
34:08 Imperial Age
32:55 Heavy Plow
33:11 Hand Cart
34:19 Cavalier
36:04 Blast Furnace
Connection lost

Rejoining the realm…

Still unreachable

The connection could not be restored.

Session expired

The server has moved on; the page needs a fresh start.